AoeStats
← Kfcchicago

Nomad

508422291Analyzed
3v3 RM · 8d ago on Sep 22, 2026· 67m 13s· 6 players
Game mode
Random Map
Map size
210×210
Population
200
Speed
Normal
Resources
Standard
Victory
Conquest
Starting age
Dark Age
Ending age
Imperial Age
RankedLock teamsTeams togetherTeam positionsShared explorationLock speedFull tech treeHidden civsTurbo modeCheats
Victory
Defeat
🇨🇳 Mongols · China
1170
+14
🇹🇼 Italians · Taiwan
1146
+15
🇨🇳 Persians · China
1145
+15
🇨🇴 Japanese · Colombia
1167
-16
🇨🇴 Wei · Colombia
1138
-15
🇨🇴 Britons · Colombia
1089
-13
Baphomet
5:17 Loom
13:23 Feudal Age
14:03 Double-Bit Axe
18:54 Castle Age
16:52 Gold Mining
16:48 Horse Collar
17:29 Stone Mining
20:38 Wheelbarrow
20:16 Bow Saw
20:43 Gold Shaft Mining
20:24 Scale Barding Armor
20:30 Forging
22:11 Stone Shaft Mining
21:39 Heavy Plow
22:32 Husbandry
23:04 Hand Cart
26:25 Medium Warships
26:45 Fletching
28:22 Murder Holes
33:02 Chain Barding Armor
32:32 Treadmill Crane
48:20 Pikeman
49:33 Elite Skirmisher
54:39 Padded Archer Armor
55:56 Leather Archer Armor
56:12 Bodkin Arrow
Kfcchicago
9:21 Loom
15:54 Feudal Age
25:08 Castle Age
25:09 Crossbowman
25:13 Pikeman
27:52 Fletching
31:34 Squires
40:00 Ballistics
43:34 Imperial Age
41:36 Bodkin Arrow
41:42 Padded Archer Armor
46:14 Imperial Age
47:19 Arbalester
51:08 Chemistry
ian.7473
5:06 Loom
12:53 Feudal Age
17:17 Castle Age
15:13 Double-Bit Axe
16:10 Stone Mining
20:24 Bow Saw
27:06 Gold Mining
27:31 Fletching
29:11 Bodkin Arrow
30:04 Wheelbarrow
30:01 Husbandry
30:12 Padded Archer Armor
32:22 Scale Mail Armor
33:18 Thumb Ring
33:56 Bloodlines
34:56 Leather Archer Armor
36:06 Yasama
36:44 Hand Cart
40:36 Imperial Age
37:50 Pikeman
38:51 Horse Collar
40:39 Chain Mail Armor
41:15 Forging
42:13 Conscription
42:30 Bracer
43:52 Chemistry
44:43 Plate Mail Armor
45:43 Ring Archer Armor
46:47 Ballistics
46:54 Elite Skirmisher
46:55 Heavy Cavalry Archer
50:40 Town Watch
50:30 Halberdier
57:29 Parthian Tactics
Ranger-Lee
5:05 Loom
12:44 Feudal Age
16:43 Castle Age
15:32 Double-Bit Axe
15:39 Horse Collar
19:59 Bow Saw
20:20 Heavy Plow
22:55 Wheelbarrow
26:49 Hand Cart
27:27 Gold Mining
30:26 Imperial Age
28:41 Scale Barding Armor
28:47 Forging
28:31 Town Watch
29:17 Husbandry
29:28 Bloodlines
29:42 Chain Barding Armor
31:10 Iron Casting
30:48 Elite Steppe Lancer
33:33 Blast Furnace
32:07 Light Cavalry
33:00 Hussar
35:39 Conscription
38:11 Fletching
38:21 Padded Archer Armor
38:56 Bodkin Arrow
39:27 Ballistics
40:08 Chemistry
41:06 Elite Mangudai
41:48 Bracer
42:04 Leather Archer Armor
43:11 Parthian Tactics
42:52 Thumb Ring
50:43 Drill
49:55 Capped Ram
50:48 Siege Ram
57:50 Stone Mining
58:36 Gold Shaft Mining
66:31 Spies/Treason
Kobe Cashon
9:31 Loom
13:25 Feudal Age
15:38 Fishing Lines
15:48 Double-Bit Axe
20:17 Castle Age
AZ
6:33 Loom
15:36 Feudal Age
15:57 Fishing Lines
16:05 Double-Bit Axe
20:35 Castle Age
18:31 Gold Mining
20:13 Scale Barding Armor
20:20 Bloodlines
20:51 Forging
21:25 Husbandry
24:44 Iron Casting
26:29 Stone Mining
28:26 Light Cavalry
31:32 Medium Warships
31:13 Gillnets
33:52 Fletching
35:58 Ballistics
36:09 Bodkin Arrow
38:10 Padded Archer Armor
39:26 Leather Archer Armor
40:02 Wheelbarrow
39:49 Thumb Ring
43:08 Imperial Age
40:54 Crossbowman
44:03 Bracer
45:38 Chemistry
45:07 Conscription
45:07 Bow Saw
45:29 Elite Genoese Crossbowman
47:16 Hand Cart
48:17 Two-Man Saw
49:56 Stone Shaft Mining
51:23 Ring Archer Armor
51:41 Capped Ram
53:46 Chain Barding Armor
57:30 Scale Mail Armor
59:18 Blast Furnace
59:59 Plate Barding Armor
Connection lost

Rejoining the realm…

Still unreachable

The connection could not be restored.

Session expired

The server has moved on; the page needs a fresh start.